[Event "*** Titled Tuesday 3|2 Blitz (Early)"]
[Site "Chess.com"]
[Date "2017.01.03"]
[Round "3"]
[White "Sanan_Sjugirov"]
[Black "NewBornNow"]
[Result "1-0"]
[WhiteElo "2652"]
[BlackElo "2566"]
[TimeControl "180+2"]
[EndTime "11:37:18 PST"]
[Termination "Sanan_Sjugirov won by resignation"]

1. d4 Nf6 2. Nf3 g6 3. Bg5 Bg7 4.
Nbd2 d6 5. e3 Nbd7 6. Bc4 b6 7. a4 a5 8. O-O Bb7 9. c3 h6 10. Bh4 e5 11. e4 O-O 12. Re1 Qe7 13. d5 g5 14. Bg3 Nh5 15. Nf1 Ndf6 16. N3d2 Nf4 17. Ne3 Bc8 18. Bb5 h5 19. f3 Bh6 20.
Bc6 Rb8 21. Qc2 Kh8 22. b4 Rg8 23. Rab1 g4 24. bxa5 Ng6 25. Nf5 Bxf5 26. exf5 Nf4 27. a6 N4xd5 28. a7 Ra8 29. Bh4 Qf8 30. Ne4 gxf3 31.
Nxf6 Rxg2+ 32. Qxg2 fxg2 33. Nxd5 Rxa7 34. Rb2 Qc8 35.
Rxg2 Qxf5 36. Rf1 Bf4 37. Bf6+ Kh7 38. Bg5 Qxg5 39. Rxg5 Bxg5 40. Rxf7+ Kg6 41. Rf8 e4 42. Rg8+ Kh6 43. Kf2 Ra5 44. Bb5 c6 45. Bxc6 Rc5 46. Rc8 Rc4 47. Ke2 e3 48. Bd7 Rh4 49. h3 Re4 50.
Re8 Rc4 51. Re6+ Kg7 52. Rxd6 Rc5 53. Bf5 b5 54. axb5 Rxb5 55. Rg6+ Kf7 56. Rxg5 Rxd5 57. Bg6+ Ke6 58. Bf7+ 1-0

[Event "*** Titled Tuesday 3|2 Blitz (Early)"]
[Site "Chess.com"]
[Date "2017.01.03"]
[Round "3"]
[White "RitvarsReimanis"]
[Black "Ginger_GM"]
[Result "0-1"]
[WhiteElo "2433"]
[BlackElo "2463"]
[TimeControl "180+2"]
[EndTime "11:37:19 PST"]
[Termination "Ginger_GM won by resignation"]

1. d4 e6 2. c4 f5 3. Nf3 Nf6 4.
e3 b6 5. b3 Bb7 6. Bb2 Bb4+ 7.
Nbd2 Ne4 8. a3 Bc3 9. Bxc3 Nxc3 10. Qc2 Ne4 11. Bd3 Nxd2 12. Qxd2 O-O 13. Qe2 d6 14. e4 Nd7 15. Rd1 Qf6 16. exf5 exf5 17. O-O Rae8 18. Qd2 Bxf3 19. gxf3 Qxd4 20. c5 Kh8 21. cxd6 Ne5 22. Be2 Qxd2 23. Rxd2 cxd6 24. Rxd6 Ng6 25. Bb5 Re5 26.
a4 Nh4 27. Rfd1 Nxf3+ 28. Kg2 Nh4+ 29. Kg3 Ng6 30. Rd8 f4+ 31. Kf3 Rf5 32. Rxf8+ Rxf8 33. Rd7 Ne5+ 34. Ke4 Nxd7 35. Bxd7 g5 36. Kd4 Kg7 37. Kc4 Rf7 38. Bg4 Kf6 39. Kd5 Kg6 40.
Ke6 Rf6+ 41. Ke5 h5 42. Bxh5+ Kg7 43. Bf3 Kf7 44. h3 Ke7 45. Bg4 a5 46. Bf3 Rf8 47. Bd5 Kd7 48. f3 Kc7 49. Be4 Kd7 50. Bd5 Ke7 51. Be4 Rc8 52. Kf5 Rc5+ 53. Kg4 Kd6 54.
Bg6 Re5 55. Bf7 Kc5 56. Bg8 Kd4 57. Bf7 Ke3 58. Bg8 Rc5 59. Bf7 b5 60. axb5 Rxb5 61.
Bc4 Rc5 62. Bf7 Rc1 63. Bd5 Rg1+ 64. Kh5 Rg3 65. h4 gxh4 66. Kxh4 Kd4 67. Be4 Kc3 68. Bd5 Kb4 69. Kh5 Rg1 70. Kh4 Kc5 71. Be4 Kd4 72. Kh5 Ke3 73. Kh4 Rg3 74. Bd5 Rxf3 75. Bxf3 Kxf3 76. b4 axb4 0-1

[Event "*** Titled Tuesday 3|2 Blitz (Early)"]
[Site "Chess.com"]
[Date "2017.01.03"]
[Round "3"]
[White "rubhani"]
[Black "petrpalachev"]
[Result "1/2-1/2"]
[WhiteElo "2402"]
[BlackElo "2415"]
[TimeControl "180+2"]
[EndTime "11:37:31 PST"]
[Termination "Game drawn by agreement"]

1. e4 e6 2. d4 d5 3. Nd2 Be7 4.
Ngf3 Nf6 5. e5 Nfd7 6. Bd3 c5 7. c3 Nc6 8. O-O g5 9. dxc5 g4 10. Nd4 Ncxe5 11. N2b3 Nxc5 12. Nxc5 Bxc5 13. Re1 Nxd3 14. Qxd3 O-O 15. Bh6 Re8 16. Qg3 Qf6 17. Qxg4+ Qg6 18. Qh4 Bd7 19. Re3 Bd6 20. Bf4 Be7 21. Qh3 Kh8 22.
Nf3 f6 23. Qg3 Qxg3 24. Bxg3 Bc5 25. Re2 e5 26. Rd1 Bc6 27. Nh4 a5 28. Nf5 Rad8 29. Kh1 b6 30. f4 Bd7 31. Nh6 Kg7 32. Rxd5 Be6 33. Rxd8 Rxd8 34. f5 Rd1+ 35. Re1 Rxe1+ 36. Bxe1 Bxa2 37. Bd2 Bb1 38. h4 Bf2 39. h5 Bd3 40.
Ng4 Bc5 41. Ne3 Kf7 42. Kh2 Be2 43. h6 Bxe3 44. Bxe3 b5 45. Bb6 a4 46. Kg3 Bd3 47.
Kg4 Be4 48. g3 Ke7 49. Bc5+ Kd7 50. Bb4 Bc2 51. Ba3 Bd1+ 52. Kh4 e4 53. Bc5 Ke8 54. g4 Kf7 55. g5 Bf3 56. Bd4 fxg5+ 57. Kxg5 Bd1 58.
Kf4 Bc2 59. Ke5 Bd3 60. Kd6 Bc4 61. Kc5 Bd3 62. Kb4 Bc4 63. Kc5 Bd3 64. Kd5 e3 65.
Bxe3 Bxf5 66. Kc5 Bd3 67. Bd2 Bc4 1/2-1/2

[Event "*** Titled Tuesday 3|2 Blitz (Early)"]
[Site "Chess.com"]
[Date "2017.01.03"]
[Round "3"]
[White "andretta"]
[Black "AdrianaNikolova"]
[Result "1/2-1/2"]
[WhiteElo "2444"]
[BlackElo "2265"]
[TimeControl "180+2"]
[EndTime "11:37:42 PST"]
[Termination "Game drawn by agreement"]

1. b3 e5 2. Bb2 d6 3. e3 Nf6 4. d4 e4 5. Ne2 Bf5 6. Ng3 Bg6 7. c4 Be7 8. Nc3 c6 9. f4 exf3 10. Qxf3 O-O 11. Be2 Qa5 12. O-O Nbd7 13. Nf5 Rfe8 14. Bd3 Bf8 15. Rae1 Re6 16. a3 Qc7 17. g4 h6 18. Ne4 Nxe4 19. Bxe4 Rae8 20. Nxh6+ gxh6 21. Bxg6 Rf6 22. Bf5 Bg7 23. e4 c5 24.
Qe3 cxd4 25. Bxd4 Ne5 26. Bxe5 dxe5 27. Rd1 Rd6 28. Rd5 Red8 29. Rfd1 b6 30. R1d3 Bf8 31. Qd2 Qe7 32. Rxd6 Rxd6 33. Rxd6 Qxd6 34. Qxd6 Bxd6 35.
b4 a5 36. bxa5 bxa5 37. a4 Kg7 38. Kg2 Kf6 39. Kg3 Bc5 40. h4 Bb4 41. Kf3 Be1 42.
c5 Ke7 43. c6 Kd6 44. g5 Bxh4 45. gxh6 Kxc6 46. h7 Bf6 47. Kg4 Kc5 48. Bd7 Kd6 49. Kf5 Bg7 50. Bb5 Kc5 51. Be8 Kb4 52. Kg5 Kb3 53.
Kf5 Kb4 54. Bc6 Kc5 55. Bb5 Kd6 56. Bc4 Ke7 57. Bd5 Kf8 58. Bc4 Ke7 59. Kg4 Kf6 60. Kf3 Kg6 61. Ke3 Kxh7 62. Bxf7 Bf8 63. Kd3 Kg7 64.
Bd5 Kf6 65. Kc4 Bb4 66. Bc6 Be1 67. Kd5 Bb4 68. Bb5 Be1 69. Be2 Bb4 1/2-1/2

[Event "*** Titled Tuesday 3|2 Blitz (Early)"]
[Site "Chess.com"]
[Date "2017.01.03"]
[Round "3"]
[White "Th3ChessViking"]
[Black "Rsnr"]
[Result "1-0"]
[WhiteElo "2421"]
[BlackElo "2479"]
[TimeControl "180+2"]
[EndTime "11:37:43 PST"]
[Termination "Th3ChessViking won by checkmate"]

1. c4 c6 2. g3 d5 3. Bg2 Nf6 4.
Nf3 Bf5 5. cxd5 cxd5 6. Qb3 Nc6 7. d3 e5 8. O-O Qd7 9. Bg5 Be7 10. Nc3 Be6 11.
Na4 O-O 12. Bxf6 gxf6 13. Rfc1 Na5 14. Qd1 Rfc8 15. Nc3 b5 16. e4 dxe4 17. dxe4 Qxd1+ 18. Rxd1 Nc4 19. Nxb5 Nxb2 20. Rdc1 Nd3 21. Rxc8+ Rxc8 22. Rd1 Nb2 23. Rb1 Rc2 24. Ne1 Rd2 25. Nf3 Rd1+ 26.
Rxd1 Nxd1 27. Nxa7 Bxa2 28. Nc6 Bc5 29. Nh4 Nxf2 30.
Kf1 Bc4+ 31. Ke1 Ng4 32. h3 Ne3 33. Bf3 Kf8 34. Nf5 Nxf5 35. exf5 Bd3 36. g4 e4 37.
Be2 Bb1 38. Kf1 e3 39. Na5 Bc2 40. Nc4 Ke7 41. Nb2 Kd6 42. Bc4 Bd4 43. Nd3 Bd1 44. Nf4 Ke5 45. Ne2 Bc5 46. Bxf7 Bc2 47. Bc4 Be4 48.
Bg8 h6 49. Bc4 Bf3 50. Bb5 Bb4 51. Ba6 Bd5 52. Bd3 Bb3 53. Bb5 Bd2 54. Bd3 Bd5 55. Bb5 Ke4 56. Ba6 Kf3 57. Bd3 Bb7 58. Bc4 Be4 59. Bb5 Bb4 60. Bc4 Bc5 61. Bb5 Bd6 62.
Ba6 Be5 63. Bc4 Bc6 64. Bf7 Bb5 65. Bd5# 1-0

[Event "*** Titled Tuesday 3|2 Blitz (Early)"]
[Site "Chess.com"]
[Date "2017.01.03"]
[Round "3"]
[White "fastestmindalive"]
[Black "Rating-Schmating"]
[Result "0-1"]
[WhiteElo "2420"]
[BlackElo "2273"]
[TimeControl "180+2"]
[EndTime "11:38:18 PST"]
[Termination "Rating-Schmating won by checkmate"]

1. e4 e6 2. b3 d5 3. Bb2 Nf6 4.
e5 Nfd7 5. f4 c5 6. Qg4 Nc6 7. Nf3 h5 8. Qg3 Ne7 9. Be2 Nf5 10. Qf2 b6 11. Nc3 a6 12. Nd1 d4 13.
c3 dxc3 14. dxc3 Bb7 15. Ne3 Nxe3 16. Qxe3 Qc7 17. O-O-O Be7 18. Bd3 O-O-O 19. Be4 Nb8 20. c4 Bxe4 21. Qxe4 Qc6 22. Qxc6+ Nxc6 23. Bc3 Kc7 24.
Kc2 Rxd1 25. Rxd1 Rd8 26. Rg1 h4 27. h3 b5 28. Re1 bxc4 29. bxc4 Nd4+ 30. Bxd4 cxd4 31.
Re4 Kc6 32. Rxd4 Rxd4 33. Nxd4+ Kc5 34. Kc3 g5 35. Nb3+ Kc6 36. fxg5 Bxg5 37. Kd4 Bf4 38. c5 Bg3 39. Na5+ Kb5 40. c6 Bf2+ 41. Ke4 Bb6 42. Nb3 Kxc6 43. Nd2 Bf2 44. Nf3 Kd7 45. Kf4 Bg3+ 46. Ke4 Bf2 47. a3 Ke7 48. Kd3 Kd7 49. Kc4 Bg3 50. Kc5 Kc7 51. a4 Bf2+ 52. Kc4 Bg3 53.
Kc5 Bf2+ 54. Kb4 Bg3 55. Kc3 Kb6 56. Kc4 Ka5 57. Kb3 Kb6 58. Ng5 Bxe5 59. Nxf7 Bf4 60. Nh8 Kc5 61. Ng6 Bg3 62. Kc3 Kd5 63. Kd3 Kc5 64.
Nf8 e5 65. Kc3 Kd6 66. Nh7 Kc5 67. Nf6 Be1+ 68. Kd3 Kb4 69. Ke2 Bg3 70. Ne4 Bf4 71.
Kd3 Kxa4 72. Kc4 Ka3 73. Kc3 a5 74. Nd6 a4 75. Nb5+ Ka2 76. Kc2 Bg3 77. Nc3+ Ka3 78.
Nd5 Be1 79. Kd1 Bf2 80. Kc2 Bd4 81. Ne7 Kb4 82. Nc6+ Kc4 83. Na5+ Kd5 84. Nb7 a3 85. Kb3 Bb2 86. Kc2 Kd4 87. Na5 Ke3 88. Nb3 Kf2 89.
Kd3 Kxg2 90. Ke2 a2 91. Ke3 a1=Q 92. Nxa1 Bxa1 93. Ke2 Kxh3 94. Kf1 Kg3 95. Kg1 e4 96. Kh1 e3 97. Kg1 e2 98. Kh1 e1=Q# 0-1

[Event "*** Titled Tuesday 3|2 Blitz (Early)"]
[Site "Chess.com"]
[Date "2017.01.03"]
[Round "3"]
[White "pKiLz5Rn9b"]
[Black "jb2mix"]
[Result "0-1"]
[WhiteElo "2485"]
[BlackElo "2425"]
[TimeControl "180+2"]
[EndTime "11:38:55 PST"]
[Termination "jb2mix won by resignation"]

1. e4 e5 2. Nf3 Nc6 3. Bc4 Nf6 4. d3 Be7 5. O-O O-O 6. Re1 d6 7.
a4 Kh8 8. h3 Ng8 9. Nc3 f5 10.
Bxg8 Kxg8 11. Nd5 Be6 12. c3 Rb8 13. b4 Qd7 14. Nxe7+ Nxe7 15. Ng5 h6 16. Nxe6 Qxe6 17. Qc2 fxe4 18. dxe4 Ng6 19. Qa2 Rbe8 20. Be3 a6 21. b5 a5 22. Qxe6+ Rxe6 23. b6 c5 24. Rab1 Nh4 25. Red1 g5 26. Rb5 Ra8 27. g3 Ng6 28. Rb2 Ne7 29. Rbd2 Nc8 30. Rb1 Ra6 31. Rdb2 Kf7 32.
Kg2 Ke7 33. Kf3 Kd7 34. h4 gxh4 35. gxh4 Kc6 36. Kg4 Rxb6 37. Kf5 Re8 38. Bxh6 Rxb2 39. Rxb2 Nb6 40. Bg7 Nxa4 41. Rc2 b5 42. h5 b4 43.
cxb4 axb4 44. h6 b3 45. Rc1 b2 46. Rg1 c4 47. h7 c3 48. Bf6 c2 49. Rg8 c1=Q 50.
Rxe8 Qf4+ 51. Ke6 b1=Q 52. h8=Q Qg4+ 53. Ke7 Qb7+ 54. Kf8 Qgd7 55. Qg8 Nb2 56. Qd5+ Kc7 57. Re7 Qxd5 58. exd5 Nd3 59. Rxd7+ Kxd7 60. f3 Nf4 61. Kf7 Nxd5 62. Bg5 Nc3 63. Kf6 Ne2 64. Kf5 Nd4+ 65.
Ke4 Ke6 66. Bc1 d5+ 67. Ke3 Kf5 68. Bb2 Ne6 69. Ba1 d4+ 70. Kd3 Kf4 71. Ke2 Ng5 72.
Bb2 Nxf3 73. Kd3 e4+ 74. Kc4 d3 75. Kc3 d2 76. Kc2 e3 77. Bc3 Ke4 78. Ba5 Kf4 79.
Kd1 Kg3 80. Ke2 Nd4+ 81. Kd1 Nb3 82. Bb6 Kf3 83. Bxe3 Kxe3 0-1

[Event "*** Titled Tuesday 3|2 Blitz (Early)"]
[Site "Chess.com"]
[Date "2017.01.03"]
[Round "3"]
[White "Keranke"]
[Black "ChessWarrior7197"]
[Result "1-0"]
[WhiteElo "2602"]
[BlackElo "2504"]
[TimeControl "180+2"]
[EndTime "11:40:03 PST"]
[Termination "Keranke won by resignation"]

1. d4 Nf6 2. Nf3 e6 3. Bf4 c5 4. e3 b6 5. h3 Bb7 6. Nbd2 d6 7. Bd3 Be7 8. O-O O-O 9. c3 h6 10. Qe2 Nbd7 11. a4 a6 12. Nc4 Qc7 13. Rfc1 Be4 14.
b4 Bxd3 15. Qxd3 Nd5 16. Bh2 cxb4 17. cxb4 Nxb4 18. Qa3 Nc6 19. Bxd6 Bxd6 20. Nxd6 Rab8 21. Rab1 Rfd8 22. e4 Nf6 23. e5 Nd5 24. Qd3 Qd7 25. Qxa6 Ra8 26. Qb5 Ncb4 27. Rxb4 Nxb4 28. Qxb4 Rdb8 29.
Rc4 Qe7 30. Qc3 Ra7 31. Nd2 Qd7 32. N2e4 Rf8 33. Nb5 Raa8 34. Ned6 Qe7 35. Qg3 Qg5 36. Qxg5 hxg5 37. Kf1 Ra5 38. Nc8 Ra6 39. Nbd6 f6 40. Ke2 fxe5 41. dxe5 Ra5 42. Re4 Rc5 43. f3 Rc2+ 44. Kf1 Rcxc8 45. Nxc8 Rxc8 46. Rb4 Rc6 47. Kf2 Kf7 48. Kg3 Kg6 49. Kg4 Kh6 50. g3 g6 51.
f4 gxf4 52. gxf4 Kg7 53. Kg5 Kf7 54. Rd4 Rc7 55. Rd6 Rb7 56. Rc6 Ra7 57. Rxb6 Rxa4 58.
Rb7+ Kf8 59. h4 Rc4 60. Rh7 Rd4 61. Rh6 Kf7 62. Rxg6 Rd1 63. Rf6+ Ke7 64. h5 Rg1+ 65. Kh6 Rg4 66. Kh7 Rh4 67. h6 Rg4 68. Kh8 Rg3 69. Kh7 Rg4 70. Rg6 Rxf4 71. Rg7+ Kf8 72. Kg6 Rg4+ 73.
Kf6 Rh4 74. Rg6 Rh5 75. Kxe6 Rh4 76. Kd7 Rh1 77. Rf6+ Kg8 78. Ke7 Ra1 79. e6 Ra7+ 80. Kd6 Ra6+ 81. Ke5 Ra5+ 82. Kf4 Rb5 83. e7 Rb8 84.
h7+ Kg7 85. Rf8 Rb4+ 86. Kf3 Rb3+ 87. Kg2 Rb2+ 88. Rf2 Rb8 89. Rf8 Rb2+ 90. Kf3 Rb3+ 91. Ke2 Rb2+ 92. Kd1 Rb1+ 93. Kc2 Re1 94. e8=Q Rxe8 95.
Rxe8 Kxh7 96. Kd3 1-0

[Event "*** Titled Tuesday 3|2 Blitz (Early)"]
[Site "Chess.com"]
[Date "2017.01.03"]
[Round "3"]
[White "sandropozo"]
[Black "Gordima"]
[Result "1/2-1/2"]
[WhiteElo "2407"]
[BlackElo "2482"]
[TimeControl "180+2"]
[EndTime "11:40:15 PST"]
[Termination "Game drawn - insufficient material"]

1. d4 c5 2. e3 g6 3. Nf3 Bg7 4. c4 Nf6 5. Nc3 O-O 6. Be2 cxd4 7.
Nxd4 Nc6 8. O-O d6 9. b3 Bd7 10. Bb2 Rc8 11. Rc1 a6 12. Qd2 Qa5 13. Rfd1 Ne5 14. h3 Rfe8 15. a3 Qc5 16. b4 Qa7 17. Nd5 Nxd5 18. cxd5 b5 19. Rxc8 Rxc8 20. Rc1 Nc4 21.
Bxc4 bxc4 22. Ne2 Ba4 23. Bxg7 Kxg7 24. Nc3 Bb3 25. e4 a5 26. Nb5 Qb6 27. Nd4 Ba4 28. bxa5 Qc5 29. Qc3 Kg8 30. Rb1 Bb3 31. Nc6 Rc7 32.
a6 Qxa3 33. a7 Rxa7 34. Nxa7 Qxa7 35. Ra1 Qb7 36. Qd4 Qb8 37. Qa7 Qxa7 38. Rxa7 Kf8 39. Rc7 f5 40. f3 fxe4 41. fxe4 Ke8 42. Kf2 Kd8 43. Rb7 Ba4 44. Rb4 Bb3 45. Rb7 Ke8 46. Ke3 Bc2 47. Kd4 Bd3 48. e5 dxe5+ 49. Kxe5 c3 50. Rc7 c2 51. g4 h5 52. Ke6 Kd8 53. Rc3 hxg4 54. hxg4 Be2 55. Rxc2 Bxg4+ 56.
Ke5 Bf5 57. Rb2 Ke8 58. Rb7 Kf8 59. Rc7 Ke8 60. Ra7 Kf8 61. Kf4 Ke8 62. Ke5 Kf8 63.
d6 exd6+ 64. Kxd6 Ke8 65. Ke5 Kd8 66. Kf6 Ke8 67. Rg7 Kd8 68. Rf7 Ke8 69. Rh7 Kd8 70. Re7 Kc8 71. Ke5 Kb8 72. Kd6 Bg4 73. Kc6 Bf3+ 74. Kb6 Kc8 75. Rg7 Be4 76. Kc5 Kd8 77.
Kd6 Kc8 78. Re7 Bf5 79. Kc6 Kd8 80. Kd6 Kc8 81. Rf7 Bd3 82. Kc6 Be4+ 83. Kd6 Bd3 84. Rg7 Bf5 85. Rc7+ Kd8 86. Re7 Bd3 87. Ke6 Bf5+ 88. Kf6 Kc8 89. Rg7 Kd8 90. Ke5 Ke8 91.
Kf6 Kd8 92. Re7 Kc8 93. Ke5 Kd8 94. Kd6 Bd3 95. Rg7 Kc8 96. Rg8+ Kb7 97. Rf8 Bf5 98. Rf6 Kb6 99. Ke5+ Kc5 100. Rf8 Kc4 101. Rf7 Kd3 102. Rxf5 gxf5 103.
Kxf5 1/2-1/2

[Event "*** Titled Tuesday 3|2 Blitz (Early)"]
[Site "Chess.com"]
[Date "2017.01.03"]
[Round "3"]
[White "Alexander_Moskalenko"]
[Black "Buffy7"]
[Result "0-1"]
[WhiteElo "2656"]
[BlackElo "2486"]
[TimeControl "180+2"]
[EndTime "11:40:35 PST"]
[Termination "Buffy7 won by resignation"]

1. e4 c5 2. Nf3 Nc6 3. Nc3 d6 4.
d4 cxd4 5. Nxd4 Nf6 6. Bg5 e6 7. Qd2 Bd7 8. O-O-O a6 9. f4 b5 10. a3 Qb6 11. Nb3 Ng4 12. Bh4 Qe3 13. Be2 Qxd2+ 14.
Kxd2 Nf6 15. Kc1 Be7 16. Bf3 Rc8 17. Rhe1 h6 18. Bf2 e5 19. f5 Nb8 20. Na5 O-O 21.
Nb7 Ne8 22. Nd5 Bg5+ 23. Kb1 Bc6 24. Na5 Bxd5 25. Rxd5 Nc6 26. Nxc6 Rxc6 27. h4 Be7 28. c3 Nf6 29. Rd2 h5 30. g3 Rb8 31. Be3 Ng4 32. Bxg4 hxg4 33. Bg5 f6 34. Be3 Rc4 35. Ba7 Rb7 36.
Bf2 Kf7 37. Rd5 g6 38. fxg6+ Kxg6 39. Kc2 Kf7 40. b3 Rc6 41. Be3 Rbc7 42. Rd3 Ke6 43. Rf1 Bf8 44. Kb2 Rh7 45. Rf5 Kf7 46. Rd1 Kg6 47. Rdf1 Be7 48. R5f2 Rh5 49. Kc2 Rc8 50. Kd3 Rf8 51. Rf5 Rxf5 52. Rxf5 Rh8 53.
a4 d5 54. axb5 axb5 55. Rf2 dxe4+ 56. Kxe4 Rc8 57. h5+ Kf7 58. Kd3 Ke6 59. h6 f5 60. h7 Rh8 61. Rh2 Kf7 62. Rh5 Kg6 63. Rh6+ Kg7 64. Rh5 Kg6 65. Rh6+ Kg7 66. Rb6 Rxh7 67.
Rxb5 Rh3 68. Rxe5 Kf6 69. Bf4 Bd6 70. Re3 Bxf4 71. gxf4 g3 72. Kc4 g2 73. Rxh3 g1=Q 74. Rd3 Qf1 75. b4 Qxf4+ 76. Rd4 Qc7+ 77. Kd3 f4 78. c4 Kf5 79. c5 Kg4 80. Kc4 Kg3 81.
b5 f3 82. b6 Qc6 83. Rd6 Qa4+ 84. Kd5 Qb3+ 85. Kc6 f2 86. Rg6+ Kh2 87. Rh6+ Kg2 88. Rg6+ Kh3 89. Rh6+ Kg3 90. Rg6+ Kf4 91. Rf6+ Ke3 92. b7 Qb1 93. Kc7 Qh7+ 94. Kb6 Qh8 95. Rf7 Qd8+ 96. Ka6 Ke2 97. Re7+ Qxe7 98. b8=Q f1=Q 99.
Qb2+ Kf3+ 100. Kb6 Qd8+ 101. Kc6 Qa6+ 102. Qb6 Qda8+ 103. Kc7 Qxb6+ 104. cxb6 Qa5 105. Kc6 Ke4 106. b7 Qd8 0-1

[Event "*** Titled Tuesday 3|2 Blitz (Early)"]
[Site "Chess.com"]
[Date "2017.01.03"]
[Round "4"]
[White "Hamisandwich"]
[Black "yurisolo"]
[Result "1-0"]
[WhiteElo "2383"]
[BlackElo "2444"]
[TimeControl "180+2"]
[EndTime "11:43:54 PST"]
[Termination "Hamisandwich won by resignation"]

1. a3 e5 2. c4 d6 3. g3 f5 4. Bg2 Nf6 5. d3 Be7 6. Nc3 O-O 7. b4 a5 8. Rb1 axb4 9. axb4 Na6 10. Nf3 Qe8 11. O-O Qh5 12. e3 Be6 13. Nd2 Qxd1 14. Rxd1 Rab8 15. d4 Rfd8 16. b5 1-0

[Event "*** Titled Tuesday 3|2 Blitz (Early)"]
[Site "Chess.com"]
[Date "2017.01.03"]
[Round "4"]
[White "RamonManon0g"]
[Black "RitvarsReimanis"]
[Result "0-1"]
[WhiteElo "2269"]
[BlackElo "2438"]
[TimeControl "180+2"]
[EndTime "11:44:12 PST"]
[Termination "RitvarsReimanis won by resignation"]

1. d4 Nf6 2. Bg5 e6 3. e4 h6 4.
Bxf6 Qxf6 5. c3 d5 6. Nd2 c5 7. Ngf3 cxd4 8. cxd4 Nc6 9. Bb5 dxe4 10. Bxc6+ bxc6 11. Nxe4 Bb4+ 12. Nc3 O-O 13. O-O c5 14. dxc5 Ba6 15. Re1 Bxc5 16. Ne4 Qe7 17. Nxc5 Qxc5 18. Ne5 Rad8 19. Qf3 Rd5 20. Rac1 Rxe5 0-1

[Event "*** Titled Tuesday 3|2 Blitz (Early)"]
[Site "Chess.com"]
[Date "2017.01.03"]
[Round "4"]
[White "Gordima"]
[Black "Izoria123"]
[Result "0-1"]
[WhiteElo "2478"]
[BlackElo "2693"]
[TimeControl "180+2"]
[EndTime "11:45:17 PST"]
[Termination "Izoria123 won by resignation"]

1. c4 g6 2. Nf3 Bg7 3. d4 c5 4. d5 d6 5. e4 e6 6. Nc3 exd5 7. exd5 Ne7 8. Bd3 Bg4 9. h3 Bxf3 10. Qxf3 Nd7 11.
Qe2 O-O 12. O-O Re8 13. Qd1 Ne5 14. Be2 Nf5 15. Bd2 Qh4 16. Bg4 Nd4 17. b3 f5 18.
Be2 Re7 19. Re1 Rae8 20. Bf1 Nef3+ 21. gxf3 Rxe1 0-1

[Event "*** Titled Tuesday 3|2 Blitz (Early)"]
[Site "Chess.com"]
[Date "2017.01.03"]
[Round "4"]
[White "ajkom197"]
[Black "roldieyi"]
[Result "1-0"]
[WhiteElo "2300"]
[BlackElo "2160"]
[TimeControl "180+2"]
[EndTime "11:45:19 PST"]
[Termination "ajkom197 won by checkmate"]

1. d4 Nf6 2. Bf4 e6 3. Nf3 d5 4. e3 Be7 5. Nbd2 O-O 6. Bd3 c5 7. c3 b6 8. Qe2 Bb7 9. h4 Ne4 10. Ng5 Bxg5 11. hxg5 g6 12. Qg4 Nd7 13. Bxe4 dxe4 14. O-O-O Re8 15. Rxh7 Kxh7 16. Qh4+ Kg8 17. Rh1 Kf8 18. Bd6+ Re7 19. Qh8# 1-0

[Event "*** Titled Tuesday 3|2 Blitz (Early)"]
[Site "Chess.com"]
[Date "2017.01.03"]
[Round "4"]
[White "Jahonas"]
[Black "Vrolijk"]
[Result "0-1"]
[WhiteElo "2137"]
[BlackElo "2255"]
[TimeControl "180+2"]
[EndTime "11:45:27 PST"]
[Termination "Vrolijk won by resignation"]

1. d4 Nf6 2. Nf3 g6 3. c4 Bg7 4. Nc3 O-O 5. e4 d6 6. Be2 e5 7. dxe5 dxe5 8. Qxd8 Rxd8 9. Bg5 Re8 10. Nd5 Nxd5 11. cxd5 c6 12. O-O-O cxd5 13. exd5 Bd7 14. Kb1 Na6 15. Bxa6 bxa6 16. Be3 f5 17. Bc5 Rec8 18. Ba3 Bb5 19. Rhe1 e4 20. Nd4 Bd3+ 21. Rxd3 exd3 22. Ne6 Bh6 23. Rd1 Rc2 24. b3 Rac8 25.
d6 d2 26. d7 Rc1+ 27. Bxc1 dxc1=Q+ 28. Rxc1 Rxc1+ 29. Kb2 Bg5 30. d8=Q+ Bxd8 31. Kxc1 Bb6 32. f3 Kf7 33. Ng5+ Kf6 34. Nxh7+ Kg7 35. Ng5 Be3+ 0-1

[Event "*** Titled Tuesday 3|2 Blitz (Early)"]
[Site "Chess.com"]
[Date "2017.01.03"]
[Round "4"]
[White "macko06"]
[Black "johnathan113"]
[Result "0-1"]
[WhiteElo "2268"]
[BlackElo "2324"]
[TimeControl "180+2"]
[EndTime "11:45:46 PST"]
[Termination "johnathan113 won by resignation"]

1. d4 g6 2. e4 Nf6 3. Nc3 d5 4. e5 Ne4 5. Nce2 f6 6. f3 Ng5 7.
Bxg5 fxg5 8. Ng3 c5 9. c3 Nc6 10. Qd2 e6 11. Bb5 Qb6 12. Bxc6+ bxc6 13. N1e2 Rb8 14.
Rb1 cxd4 15. cxd4 Bb4 16. Nc3 Ba6 17. Kf2 c5 18. a3 cxd4 19. axb4 dxc3+ 20. Qe3 d4 21. Qxg5 d3+ 22. Qe3 c2 23. Rbc1 O-O 24. Ne4 Qxb4 25.
Qh6 Qxe4 0-1

[Event "*** Titled Tuesday 3|2 Blitz (Early)"]
[Site "Chess.com"]
[Date "2017.01.03"]
[Round "4"]
[White "OparinGrigoriy"]
[Black "dretch"]
[Result "0-1"]
[WhiteElo "2571"]
[BlackElo "2599"]
[TimeControl "180+2"]
[EndTime "11:45:49 PST"]
[Termination "dretch won by resignation"]

1. Nf3 d5 2. g3 Bg4 3. Bg2 Nd7 4.
c4 e6 5. cxd5 exd5 6. O-O Bd6 7.
Nc3 Ne7 8. d3 O-O 9. h3 Bxf3 10.
Bxf3 c6 11. Bg2 d4 12. Ne4 Be5 13. Rb1 Nd5 14. Nd2 Qe7 15. Re1 Rfe8 16. Nc4 Bc7 17.
Bd2 h5 18. Na5 h4 19. g4 Qd6 20. Nxb7 Qh2+ 21. Kf1 Ne3+ 22. fxe3 dxe3 23. Bc3 Bg3 0-1

[Event "*** Titled Tuesday 3|2 Blitz (Early)"]
[Site "Chess.com"]
[Date "2017.01.03"]
[Round "4"]
[White "kleinebeer98"]
[Black "Alexander_Moskalenko"]
[Result "0-1"]
[WhiteElo "1678"]
[BlackElo "2656"]
[TimeControl "180+2"]
[EndTime "11:46:00 PST"]
[Termination "Alexander_Moskalenko won by resignation"]

1. e4 e6 2. d4 d5 3. Nd2 c5 4. Ngf3 Nf6 5. exd5 exd5 6. Bb5+ Bd7 7. Bxd7+ Nbxd7 8. O-O Be7 9. Re1 O-O 10. c3 c4 11. a4 a6 12. a5 Bd6 13. b3 cxb3 14. Qxb3 b5 15. axb6 Qxb6 16. Qa4 Qb5 17. c4 Qxa4 18.
Rxa4 Nb6 19. Ra2 Nxc4 20. Nxc4 dxc4 21. Ne5 c3 22. Nc4 Bb4 23. Ba3 a5 24. Nb6 Rae8 25.
Rc1 Rb8 26. Na4 Rfd8 27. Nxc3 Rxd4 28. Ne2 Re4 29. Ng3 Rd4 30. Bxb4 axb4 31. Nf5 Rd3 32. Ne7+ Kf8 33. Nc6 b3 34. Raa1 Rc8 35. Nb4 Rxc1+ 36. Rxc1 Rd4 37. Rc8+ Ne8 0-1

[Event "*** Titled Tuesday 3|2 Blitz (Early)"]
[Site "Chess.com"]
[Date "2017.01.03"]
[Round "4"]
[White "BjarkeSahl"]
[Black "SwiftyMcBishop"]
[Result "0-1"]
[WhiteElo "2225"]
[BlackElo "2118"]
[TimeControl "180+2"]
[EndTime "11:46:11 PST"]
[Termination "SwiftyMcBishop won by resignation"]

1. e4 d5 2. exd5 Qxd5 3. Nc3 Qa5 4. d4 c6 5. Nf3 Bf5 6. Bd2 e6 7. Ne4 Qc7 8. Ng3 Bg6 9. Nh4 Nf6 10. Nxg6 hxg6 11. h3 Bd6 12. Qf3 Nbd7 13. Ne4 Nxe4 14. Qxe4 Nf6 15. Qf3 O-O-O 16. O-O-O Rh4 17. c3 e5 18.
dxe5 Bxe5 19. Be2 Ne4 20. Be3 Nd6 21. g3 Ra4 22. Kb1 Qa5 23. Rxd6 Bxd6 24. Qxf7 Qe5 25. Bg4+ Rxg4 0-1

[Event "*** Titled Tuesday 3|2 Blitz (Early)"]
[Site "Chess.com"]
[Date "2017.01.03"]
[Round "4"]
[White "Gabrielian_Artur"]
[Black "Keranke"]
[Result "1-0"]
[WhiteElo "2679"]
[BlackElo "2596"]
[TimeControl "180+2"]
[EndTime "11:46:16 PST"]
[Termination "Gabrielian_Artur won by resignation"]

1. e4 g6 2. d4 Bg7 3. Nc3 d6 4. f4 a6 5. Be3 b5 6. Bd3 Bb7 7. Nf3 Nd7 8. e5 Nh6 9. h3 O-O 10. O-O Rc8 11. e6 fxe6 12. Ng5 Rf6 13. Nce4 Nf5 14. Nxf6+ exf6 15. Nxe6 Nxe3 16. Qe2 Qe7 17.
Qxe3 Re8 18. f5 gxf5 19. Bxf5 Bd5 20. Rae1 Nf8 21. Nxc7 Qxe3+ 22. Rxe3 Rxe3 23. Nxd5 Re2 24. Bd3 Rd2 25. Nxf6+ Bxf6 26. Rxf6 Rd1+ 27. Kf2 Ra1 28.
Rxd6 Rxa2 29. b4 Kf7 30. Ke3 Ra4 31. c3 Ra3 32. Kd2 Ra2+ 33. Bc2 Ke7 34. Rh6 Kd8 35.
Kc1 Ra1+ 36. Bb1 1-0

[Event "*** Titled Tuesday 3|2 Blitz (Early)"]
[Site "Chess.com"]
[Date "2017.01.03"]
[Round "4"]
[White "Buffy7"]
[Black "Sanan_Sjugirov"]
[Result "1-0"]
[WhiteElo "2498"]
[BlackElo "2640"]
[TimeControl "180+2"]
[EndTime "11:46:32 PST"]
[Termination "Buffy7 won on time"]

1. Nf3 d5 2. g3 Bg4 3. Bg2 Nd7 4.
d4 e6 5. c4 Ngf6 6. O-O c6 7.
Qb3 Qb6 8. Nbd2 Be7 9. c5 Qa6 10. Re1 b6 11. cxb6 axb6 12. e4 dxe4 13. Nxe4 Nxe4 14. Rxe4 Bf5 15. Re1 O-O 16. Bd2 Rfc8 17. a4 Bd3 18. Rec1 1-0

[Event "*** Titled Tuesday 3|2 Blitz (Early)"]
[Site "Chess.com"]
[Date "2017.01.03"]
[Round "4"]
[White "Marreuh"]
[Black "Canonkasparov"]
[Result "0-1"]
[WhiteElo "2091"]
[BlackElo "2313"]
[TimeControl "180+2"]
[EndTime "11:46:53 PST"]
[Termination "Canonkasparov won by checkmate"]

1. e4 d5 2. exd5 Qxd5 3. Nf3 Bg4 4. Be2 Nc6 5. d4 O-O-O 6. c4 Qf5 7. Be3 Nf6 8. Nbd2 e6 9. O-O Bb4 10. a3 Bxd2 11. Qxd2 Ne4 12. Qc2 Ng3 13. Bd3 Nxf1 14. Bxf5 Bxf5 15. Qa4 Nxe3 16. fxe3 f6 17. b4 Kb8 18. b5 Ne7 19. c5 Nd5 20. Kf2 g5 21. Nd2 Bg6 22. c6 e5 23. dxe5 Nc3 24. Qc4 Rxd2+ 25.
Ke1 Re2+ 26. Kf1 Rc2 27. Qd4 fxe5 28. Qxe5 Rf8+ 29. Kg1 Be4 30. Rf1 Rxg2+ 31. Kh1 Rxf1# 0-1